Map: Kairos Junction LE

Players

Vaisravana - Winner!

  • Race: Zerg Zerg
  • Spawn Location: 5:00

A.I. 2 (Very Easy)

  • Race: Terran Terran
  • Spawn Location: 11:00

VOD

Have the link to the VOD?

Description

Time

  • Played on: June 22, 2019, 11:05 p.m.
  • Length: 11:20
Show
View Real Time Build Order
Export as new Build Order

Vaisravana Zerg - Winner!

Build Orders: Pool First 

Get SALT Encoding   

  12  0:02  Drone  
  13  0:14  Overlord  
  13  0:17  Drone  
  14  0:33  Drone x2  
  16  0:39  Drone  
  17  0:47  Drone  
  17  0:49  Spawning Pool  
  17  0:58  Drone  
  18  1:13  Hatchery  
  18  1:14  Extractor  
  16  1:19  Drone  
  16  1:20  Drone  
  18  1:30  Drone  
  19  1:35  Queen  
  21  1:40  Zergling x2  
  22  1:51  Overlord  
  22  2:11  Queen, Drone  
  22  2:14  Drone  
  26  2:24  Drone  
  26  2:25  Queen, Drone  
  30  2:35  Drone  
  30  2:36  Drone  
  32  2:42  Overlord  
  31  2:46  Queen  
  31  2:50  Drone x3  
  36  3:01  Overlord  
  36  3:03  Drone x2  
  38  3:07  Drone  
  38  3:11  Drone  
  40  3:18  Drone x2  
  40  3:19  Drone x2  
  44  3:23  Lair  
  44  3:26  Extractor  
  43  3:27  Extractor  
  43  3:30  Evolution Chamber, Roach Warren  
  40  3:38  Evolution Chamber  
  40  3:39  Drone x2  
  41  3:42  Drone x2  
  41  3:46  Drone x2  
  45  3:50  Drone  
  46  3:55  Zerg Missile Weapons Level 1  
  46  4:03  Zerg Ground Armor Level 1  
  46  4:06  Drone  
  46  4:07  Drone x2  
  46  4:08  Drone  
  50  4:13  Overlord  
  50  4:19  Glial Reconstitution  
  50  4:20  Overseer  
  50  4:23  Overseer  
  50  4:27  Roach  
  50  4:28  Overlord  
  50  4:29  Overlord  
  52  4:37  Roach x3  
  58  4:39  Roach  
  58  4:43  Overlord  
  60  4:49  Roach x3  
  60  4:52  Roach  
  68  5:01  Overlord x2  
  68  5:02  Roach  
  68  5:05  Roach x2  
  74  5:08  Roach  
  74  5:11  Roach  
  78  5:19  Roach x3  
  78  5:20  Roach  
  86  5:23  Roach  
  88  5:37  Hatchery  
  88  5:42  Drone x4  
  91  5:44  Drone x2  
  91  5:47  Drone x2  
  95  5:50  Drone x2  
  95  5:52  Drone  
  95  5:54  Drone  
  99  6:00  Zerg Missile Weapons Level 2  
  99  6:04  Zerg Ground Armor Level 2  
  99  6:08  Drone  
  100  6:17  Overlord x2  
  100  6:37  Drone x6  
  106  6:41  Drone  
  106  6:42  Drone x3  
  106  6:46  Hydralisk Den  
  109  6:49  Infestation Pit, Drone x2  
  109  6:50  Drone x3  
  109  6:53  Drone  
  114  7:01  Extractor  
  114  7:02  Extractor, Overlord x2  
  114  7:03  Extractor  
  114  7:04  Overlord  
  111  7:10  Drone x2  
  113  7:20  Grooved Spines  
  113  7:25  Hatchery, Hive  
  113  7:28  Roach x7  
  130  7:30  Roach x2  
  130  7:31  Roach  
  130  7:36  Roach x2  
  136  7:39  Roach  
  136  7:40  Roach  
  140  7:46  Overlord  
  140  7:47  Overlord  
  140  7:49  Overlord x2  
  140  7:50  Overlord  
  140  7:58  Overlord x3  
  140  8:04  Ravager x4  
  144  8:06  Roach x3  
  144  8:08  Roach  
  150  8:18  Roach x2  
  150  8:19  Roach x6  
  166  8:24  Roach x3  
  166  8:26  Ravager  
  173  8:32  Muscular Augments  
  172  8:38  Viper  
  172  8:40  Overseer  
  175  8:46  Viper  
  175  8:48  Drone  
  179  9:00  Hatchery  
  179  9:01  Viper  
  181  9:11  Hydralisk x4  
  189  9:17  Hydralisk x2  
  189  9:22  Hydralisk  
  189  9:23  Hydralisk  
  197  9:26  Hydralisk  
  197  9:29  Drone  
  200  9:34  Spore Crawler  
  200  9:37  Drone  
  200  9:52  Spire  
  199  10:04  Ultralisk Cavern  
  198  10:11  Drone x2  
Show
View Real Time Build Order
Export as new Build Order

A.I. 2 (Very Easy) Terran 

Build Orders:  

Get SALT Encoding   

  12  0:00  SCV  
  13  0:13  SCV  
  14  0:18  Supply Depot  
  14  0:37  Refinery  
  14  0:42  Barracks  
  14  1:04  Supply Depot  
  14  1:12  Refinery  
  14  1:29  Marine  
  14  1:30  SCV  
  16  1:42  SCV  
  18  1:54  SCV  
  18  1:59  Marine  
  19  2:06  SCV  
  20  2:18  SCV  
  21  2:29  Marine  
  22  2:30  SCV  
  23  2:43  Orbital Command  
  23  5:39  Marine, SCV  
  23  5:40  Supply Depot  
  23  5:42  Factory  
  24  5:51  SCV  
  23  6:03  SCV  
  24  6:06  Supply Depot  
  24  6:11  Barracks Tech Lab  
  24  6:15  SCV  
  23  6:19  Marine  
  18  6:27  SCV  
  18  6:28  Supply Depot  
  17  6:39  SCV  
  2  7:13  Command Center  
  1  8:26  SCV  
  2  8:28  Command Center  
  2  8:38  SCV  
  3  8:41  Barracks  
  3  8:50  SCV  
  3  8:53  Supply Depot  
  4  9:02  SCV  
  5  9:04  Refinery  
  5  9:14  SCV  
  5  9:17  Refinery  
  6  9:27  SCV  
  6  9:28  Marine  
  8  9:33  Factory  
  8  9:39  SCV  
  8  9:40  Orbital Command  
  9  9:47  Barracks Tech Lab  
  9  9:51  SCV  
  10  9:57  Command Center  
  10  10:03  SCV  
  10  10:05  Marine  
  10  10:06  SCV  
  13  10:15  SCV  
  13  10:21  SCV  
  15  10:28  SCV  
  16  10:30  Starport  
  16  10:35  SCV  
  16  10:38  Marine  
  16  10:42  SCV  
  16  10:51  SCV  
Tags
 
Add a new tag
Caveats
  • Supply blocks, unpowered buildings, or Contaminate may cause inaccurate times.
  • Supply counts are checked every 10 seconds.